 Dungeon Crawl Stone Soup version 0.20-a0-492-g6327889 (webtiles) character file.

67143 M4edhros the Force of Nature (level 15, -13/113 HPs)
             Began as an Octopode Artificer on Jan 16, 2017.
             Was the Champion of Fedhas.
             Hit by a javelin of penetration thrown by a merfolk javelineer (28 damage)
             ... on level 1 of the Shoals.
             The game lasted 01:09:53 (30922 turns).

M4edhros the Force of Nature (Octopode Artificer)  Turns: 30922, Time: 01:09:59

Health: -13/113    AC:  4    Str: 19    XL:     15   Next: 22%
Magic:  23/23      EV: 25    Int: 16    God:    Fedhas [******]
Gold:   1550       SH:  6    Dex: 21    Spells: 10/25 levels left

rFire    . . .     SeeInvis +   T - +6 trident of Responsibility {elec, rElec rPois rN+ SInv}
rCold    + + +     Gourm    .   o - +0 buckler
rNeg     + . .     Faith    .   (helmet restricted)
rPois    +         Spirit   .   W - amulet of regeneration
rElec    +         Reflect  .   h - +5 ring of evasion
rCorr    .         Harm     .   y - ring of see invisible
MR       ++++.     Rnd*Rage +   C - ring "Metapeuc" {*Corrode rElec MR+ Str+4}
Stlth    +++++++...             I - ring of protection from cold
Regen    0.6/turn               V - +3 ring of protection
                                R - ring of flight
                                b - +4 ring of strength
                                A - ring "Etsokhlo" {rC++ MR+ Dex+4}

@: no status effects
A: almost no armour, stealthy swim, amphibious, 8 rings, constrict 8, camouflage
1, berserk 2, blink, magic resistance 1, sense surroundings 1, robust 1,
screaming 1, electricity resistance, gelatinous body 1
a: Blink, Fungal Bloom, Evolution, Sunlight, Growth, Reproduction, Rain,
Renounce Religion, Evoke Flight


You were on level 1 of the Shoals.
You worshipped Fedhas.
Fedhas was exalted by your worship.
You were not hungry.

You visited 5 branches of the dungeon, and saw 23 of its levels.
You also visited: Ice Cave.

You collected 2910 gold pieces.
You spent 1360 gold pieces at shops.

Inventory:

Hand Weapons
 n - a +0 hunting sling of velocity
 q - the +8 Wrath of Trog {antimagic, *Rage}
   (You found it in an ice cave)

   It reduces the magical energy of the wielder, and disrupts the spells and
   magical abilities of those hit.
   Natural abilities and divine invocations are not affected.
   It may make you go berserk in combat.
 z - a +2 fustibalus of flaming
 T - the +6 trident of Responsibility (weapon) {elec, rElec rPois rN+ SInv}
   (You found it on level 3 of the Lair of Beasts)

   Occasionally, upon striking a foe, it will discharge some electrical energy
   and cause terrible harm.
   It insulates you from electricity.
   It protects you from poison.
   It protects you from negative energy.
   It lets you see invisible.
Missiles
 l - 475 stones (quivered)
 r - 83 sling bullets
 t - 5 curare-tipped needles
Armour
 o - a +0 buckler (worn)
Jewellery
 b - a +4 ring of strength (on tentacle)
 h - a +5 ring of evasion (left tentacle)
 y - a ring of see invisible (right tentacle)
 A - the ring "Etsokhlo" (on tentacle) {rC++ MR+ Dex+4}
   (You took it off a frost giant in an ice cave)

   [ring of protection from magic]

   It affects your dexterity (+4).
   It greatly protects you from cold.
   It affects your resistance to hostile enchantments.
 C - the ring "Metapeuc" (on tentacle) {*Corrode rElec MR+ Str+4}
   (You bought it in a shop on level 2 of the Orcish Mines)

   [ring of protection from magic]

   It affects your strength (+4).
   It insulates you from electricity.
   It affects your resistance to hostile enchantments.
   It may corrode you when you take damage.
 I - a ring of protection from cold (on tentacle)
 R - a ring of flight (on tentacle)
 V - a +3 ring of protection (on tentacle)
 W - an amulet of regeneration (around mantle)
Wands
 c - a wand of enslavement (4/24)
 j - a wand of confusion (20/48)
 m - a wand of confusion (20/48)
 s - a wand of lightning (8/15)
 J - a wand of polymorph (14/24)
 K - a wand of clouds (1/9)
 Q - a wand of paralysis (15/24)
 U - a wand of clouds (2/9)
 Y - a wand of scattershot (2/9)
Scrolls
 p - 9 scrolls of teleportation
 v - a scroll of blinking
 x - 2 scrolls of fog
 H - 5 scrolls of fear
 O - a scroll of recharging
Potions
 e - 4 potions of haste
 g - 3 potions of curing
 u - a potion of berserk rage
 B - a potion of ambrosia
 F - a potion of cure mutation
 N - a potion of agility
 P - a potion of might
 X - 3 potions of brilliance
Books
 w - a book of the Dragon

   Spells                             Type                      Level
   a - Flame Tongue                   Conjuration/Fire             1
   b - Cause Fear                     Hexes                        4
   c - Bolt of Fire                   Conjuration/Fire             6
   d - Dragon Form                    Transmutation                7
   e - Dragon's Call                  Summoning                    9
Miscellaneous
 d - a lightning rod (inert)
 i - a lamp of fire (inert)
 L - a fan of gales
 S - a box of beasts
Comestibles
 a - 3 beef jerkies
 f - 10 bread rations
 k - 2 fruits


   Skills:
 * Level 9.8 Fighting
   Level 1.0 Short Blades
 * Level 6.7 Polearms
 - Level 10.6 Slings
 - Level 8.5 Dodging
 - Level 11.3 Stealth
 - Level 4.3 Shields
 + Level 5.8 Spellcasting
 - Level 3.5 Charms
 + Level 0.4 Summonings
 - Level 5.0 Necromancy
 - Level 8.8 Air Magic
 + Level 11.7 Invocations
 - Level 8.0 Evocations


You had 10 spell levels left.
You knew the following spells:

 Your Spells              Type           Power        Failure   Level  Hunger
a - Repel Missiles        Chrm/Air       ###...       1%          2    #......
b - Mephitic Cloud        Conj/Pois/Air  ##......     14%         3    ##.....
c - Summon Lightning Spi  Summ/Air       ###.....     21%         4    ####...
d - Regeneration          Chrm/Necr      ###.......   10%         3    ##.....
e - Summon Guardian Gole  Hex/Summ       #.......     38%         3    ##.....


Dungeon Overview and Level Annotations

Branches:
Dungeon (13/15)            Temple (1/1) D:6            Lair (6/6) D:11
 Shoals (1/4) Lair:4        Snake (0/4) Lair:3        Slime (0/5) Lair:5
    Orc (2/2) D:11            Elf (0/3) Orc:2        Vaults (0/5) D:13

Altars:
Ashenzari
Cheibriados
Dithmenos
Elyvilon
Fedhas
Gozag
Hepliaklqana
Kikubaaqudgha
Makhleb
Nemelex Xobeh
Okawaru
Qazlal
Ru
Sif Muna
Trog
Uskayaw
Vehumet
Xom
Yredelemnul
Zin
The Shining One
Beogh
Jiyva

Shops:
Orc:2 (?*=

Annotations:
D:2 1 runed door


Innate Abilities, Weirdness & Mutations

You cannot wear most types of armour.
You are very stealthy in the water. (Stealth+)
You are amphibious.
You can wear up to eight rings at the same time.
You can use your tentacles to constrict eight enemies at once.
Your skin changes colour to match your surroundings (Stealth+).
Your rubbery body absorbs attacks. (AC +1, EV +1)
You often lose your temper in combat.
You can translocate small distances at will.
You are resistant to hostile enchantments. (MR+)
You passively map a small area around you.
You are robust. (+10% HP)
You occasionally shout uncontrollably at your foes.
You are resistant to electric shocks. (rElec)


Message History

Aim: a merfolk javelineer, wielding a spear and wearing a leather armour (water, lightly wounded, chance to defeat MR: 34%)
The merfolk javelineer easily resists.
This wand has 20 charges left.
The merfolk impaler misses you.
Your thorn hunter closely misses the merfolk javelineer.
Your thorn hunter hits the merfolk javelineer!
The merfolk javelineer throws a javelin of penetration.
The javelin of penetration pierces through you!!
* * * LOW HITPOINT WARNING * * *
You hear a splash.
The merfolk impaler misses you.
You feel better.
Your thorn hunter barely misses the merfolk javelineer.
Your thorn hunter hits the merfolk javelineer!
The merfolk impaler hits you with a trident of holy wrath!!
* * * LOW HITPOINT WARNING * * *
The merfolk javelineer throws a javelin of penetration.
The javelin of penetration pierces through you!!
You die...
Xom laughs nastily!
Fedhas appreciates your contribution to the ecosystem.

≈≈≈≈≈≈.....≈≈#### ≈≈≈......
≈≈≈≈≈≈.....m##≈≈≈##≈≈......
≈≈
≈≈≈≈≈≈....f≈#≈≈≈≈m#........
≈≈≈≈≈≈.f...≈#≈≈≈≈≈')..$..!.
≈
≈≈≈≈≈≈.f..(≈#≈≈≈≈≈#).m.....
≈
≈≈≈≈≈≈≈....≈##≈≈≈##≈≈......
≈≈≈≈≈≈≈.(..≈≈#####≈≈≈......
≈≈≈≈≈≈≈≈≈≈≈(≈≈≈≈≈≈≈≈.m.....
,
≈≈≈≈≈≈≈≈≈≈≈≈@.....$........
,
..≈≈≈≈≈≈≈≈≈≈.m...>.........
≈
..≈≈≈≈≈≈≈≈..((......≈≈.....
....≈≈≈≈≈≈..##...#..≈≈.####
..≈≈≈≈≈....#..###...## ,
*.≈≈≈≈≈..≈..≈≈.#*...#
≈≈≈≈.........# ...# ,
≈≈≈.?[.[...##, ..# ≈ , ≈≈≈.
.....# , * *


You could see a merfolk impaler, a merfolk javelineer, a friendly thorn hunter
and 2 friendly wandering mushrooms.

Vanquished Creatures
  Kirke (D:13)
  A frost giant (IceCv)
  2 merfolk impalers (Shoals:1)
  2 hydras
  3 vault guards (D:13)
  A two-headed ogre (D:11)
  A centaur warrior (D:13)
  3 death yaks (Lair:3)
  3 orc high priests (Orc:2)
  An unseen horror (D:10)
  An ugly thing (D:13)
  An orc sorcerer (Orc:2)
  A manticore (Lair:4)
  A cyclops (D:12)
  A merfolk siren (Shoals:1)
  3 elephants
  3 black mambas
  10 spiny frogs
  Psyche (D:11)
  A kobold demonologist (D:11)
  An ice statue (IceCv)
  2 centaur skeletons
  A komodo dragon (Lair:6)
  2 rime drakes (IceCv)
  2 merfolk (Shoals:1)
  14 polar bears (IceCv)
  2 trolls
  2 tyrant leeches (Lair:6)
  2 blink frogs (Lair:6)
  4 hippogriffs
  Eustachio (D:6)
  36 yaks
  A vampire mosquito (Lair:6)
  A warg (Orc:1)
  6 water moccasins
  2 porcupines
  3 black bears
  3 ice beasts
  9 orc warriors
  3 sky beasts
  A boggart (D:9)
  12 ogres
  2 phantoms
  18 wolves
  6 centaurs
  2 crocodiles
  19 bullfrogs
  A wyvern skeleton (D:12)
  4 worker ants
  4 killer bees
  19 wights
  2 howler monkeys
  3 electric eels
  A bullfrog zombie (D:5)
  5 crimson imps
  6 hounds
  3 bullfrog skeletons
  A jelly (D:6)
  21 orc priests
  7 orc wizards
  6 iguanas
  4 gnolls (D:3)
  A howler monkey skeleton (D:8)
  A worker ant zombie (D:5)
  13 adders
  2 shadow imps
  4 white imps (Orc:2)
  An adder skeleton (D:7)
  A worm (D:3)
  A dart slug (D:5)
  4 leopard geckos
  33 orcs
  3 bats
  5 giant cockroaches
  6 goblins
  11 hobgoblins
  8 jackals
  3 quokkas
  2 frilled lizards
  2 gnoll zombies (D:6)
  A jackal skeleton (D:5)
  6 kobolds
  A leopard gecko zombie (D:7)
  7 rats
  2 ballistomycete spores (IceCv)
  3 briar patches (Lair:1)
  A fire vortex (D:11)
407 creatures vanquished.

Vanquished Creatures (collateral kills)
  An orc warlord (Orc:1)
  Nessos (D:13)
  3 hydras
  5 vault guards (D:13)
  Erica (Lair:2)
  2 two-headed ogres
  A centaur warrior (D:13)
  A death yak (Lair:3)
  An orc high priest (Orc:2)
  Nergalle (Lair:4)
  An unseen horror (D:13)
  An orc knight (Orc:1)
  An orc sorcerer (Orc:2)
  A deep elf mage (D:13)
  An ugly thing (D:12)
  A manticore (D:13)
  An ice statue (Lair:3)
  8 elephants
  3 black mambas
  17 spiny frogs
  A rime drake (Lair:6)
  3 komodo dragons
  2 centaur skeletons (D:13)
  2 polar bears
  2 tyrant leeches (Lair:6)
  5 trolls
  10 blink frogs (Lair:6)
  13 hippogriffs
  A meliai zombie (D:13)
  A water elemental (D:12)
  2 spriggans (Lair:6)
  31 yaks
  A wraith (D:13)
  2 basilisks
  2 hungry ghosts
  A hog (D:13)
  4 vampire mosquitoes (Lair:6)
  2 acid dragons
  4 nagas (Lair:3)
  3 wargs (Orc:1)
  8 water moccasins
  3 porcupines
  An ice beast (D:11)
  A sky beast (D:7)
  12 orc warriors
  3 ogres
  A necrophage (D:7)
  8 wolves
  2 centaurs
  A phantom (D:7)
  7 crocodiles
  A big kobold (D:7)
  13 bullfrogs
  5 killer bees (D:12)
  3 howler monkeys (D:12)
  3 wights
  An electric eel (Lair:3)
  8 orc priests
  2 hounds
  2 bullfrog skeletons
  13 orc wizards
  6 hell rats (Lair:1)
  An iguana (D:9)
  A hound skeleton (D:11)
  4 adders
  8 white imps (Orc:2)
  2 adder skeletons (D:7)
  16 orcs
  A quokka (D:5)
  6 ballistomycete spores
  A fire vortex (D:11)
  A hyperactive ballistomycete (Orc:1)
289 creatures vanquished.

Vanquished Creatures (others)
  2 thorn hunters
  A spriggan (Lair:6)
  A yak (IceCv)
  A human (D:13)
  A vampire mosquito (Lair:6)
  10 wandering mushrooms
  A necrophage (D:7)
  A wolf (IceCv)
  An orc wizard (D:6)
  A leopard gecko (D:9)
  4 ballistomycetes
  3 ballistomycete spores
  2 briar patches (Lair:5)
  3 bushes
  10 fungi
  73 plants
  680 toadstools
795 creatures vanquished.

Grand Total: 1491 creatures vanquished

Notes
Turn   | Place    | Note
-------+----------+-------------------------------------------
     0 | D:1      | M4edhros the Octopode Artificer began the quest for the Orb.
     0 | D:1      | Reached XP level 1. HP: 13/13 MP: 3/3
   143 | D:1      | Reached XP level 2. HP: 18/18 MP: 4/4
   342 | D:2      | Found a runed door.
   753 | D:3      | Reached XP level 3. HP: 7/23 MP: 5/5
  1238 | D:4      | Reached skill level 1 in Slings
  1529 | D:4      | Reached XP level 4. HP: 24/28 MP: 6/6
  1741 | D:4      | Reached XP level 5. HP: 27/33 MP: 7/7
  1891 | D:5      | Entered Level 5 of the Dungeon
  1980 | D:5      | Reached XP level 6. HP: 31/38 MP: 9/9
  2018 | D:5      | Noticed a phantom
  2069 | D:5      | Killed a phantom
  2069 | D:5      | Reached skill level 5 in Stealth
  2302 | D:5      | Noticed an ice beast
  2321 | D:5      | Killed an ice beast
  2321 | D:5      | Reached XP level 7. HP: 20/43 MP: 10/10
  2423 | D:5      | Found a glowing silver altar of Zin.
  2455 | D:5      | Gained mutation: You expend magic power (3 MP) to strengthen your wands. [mutagenic meat]
  2456 | D:5      | Gained mutation: Your spells are a little easier to cast, but a little less powerful. [mutagenic meat]
  2457 | D:5      | Gained mutation: Your spells are easier to cast, but less powerful. [mutagenic meat]
  2459 | D:5      | Gained mutation: You tend to lose your temper in combat. [mutagenic meat]
  2460 | D:5      | Gained mutation: You often lose your temper in combat. [mutagenic meat]
  2460 | D:5      | Gained mutation: You are resistant to electric shocks. (rElec) [potion of beneficial mutation]
  2767 | D:5      | Reached skill level 5 in Evocations
  2835 | D:5      | Reached skill level 5 in Slings
  3009 | D:5      | Reached XP level 8. HP: 39/48 MP: 11/11
  3564 | D:6      | Noticed Eustachio
  3576 | D:6      | Killed Eustachio
  3838 | D:6      | Found a basalt altar of Yredelemnul.
  4088 | D:6      | Reached skill level 5 in Dodging
  4216 | D:6      | Found a staircase to the Ecumenical Temple.
  4366 | Temple   | Entered the Ecumenical Temple
  4482 | Temple   | Became a worshipper of Xom of Chaos
  4626 | D:7      | XOM: harmless Erth miscast
  4632 | D:7      | Noticed a hippogriff
  4650 | D:7      | XOM: potion effect (might)
  4659 | D:7      | Killed a hippogriff
  4659 | D:7      | Reached XP level 9. HP: 43/53 MP: 13/13
  4683 | D:7      | Gained mutation: Your flesh is heat resistant. (rF+) [potion of mutation]
  4743 | D:6      | XOM: potion effect (curing)
  4743 | D:6      | XOM: smoke on damage
  4812 | D:6      | XOM: cloud trail
  5717 | Temple   | XOM: cloud trail
  6559 | Temple   | XOM is BORED!
  6559 | Temple   | XOM: give mutations
  6559 | Temple   | Gained mutation: Your flesh is very heat resistant. (rF++) [Xom's mischief]
  6559 | Temple   | Lost mutation: Your spells are easier to cast, but less powerful. [Xom's mischief]
  6559 | Temple   | Gained mutation: You are frail. (-10% HP) [Xom's mischief]
  6559 | Temple   | Gained mutation: You are clumsy. (Dex -2) [Xom's mischief]
  7195 | Temple   | XOM: god gift: 21 stones
  7330 | Temple   | XOM: god gift: 58 gold pieces
  7919 | Temple   | XOM: cloud trail
  8958 | Temple   | XOM: 1-stop teleportation journey
  9199 | Temple   | XOM: harmless Hex miscast
  9461 | Temple   | XOM: scenery: create altars
  9514 | Temple   | XOM: divination: detect items
  9908 | Temple   | XOM is BORED!
  9908 | Temple   | XOM: medium Air miscast
 10893 | Temple   | XOM: cloud trail
 11441 | Temple   | XOM: divination: detect items
 12307 | Temple   | XOM: mild Tloc miscast
 12723 | Temple   | Fell from the grace of Xom
 12723 | Temple   | Became a worshipper of Fedhas Madash
 12874 | D:3      | XOM: give mutations
 12874 | D:3      | Lost mutation: Your flesh is very heat resistant. (rF++) [Xom's mischief]
 12874 | D:3      | Gained mutation: You occasionally shout uncontrollably at your foes. [Xom's mischief]
 12874 | D:3      | Lost mutation: Your spells are a little easier to cast, but a little less powerful. [Xom's mischief]
 12874 | D:3      | Gained mutation: Your body sometimes deteriorates upon taking damage. [Xom's mischief]
 13640 | D:7      | Reached skill level 1 in Invocations
 13643 | D:7      | Reached * piety under Fedhas
 13804 | D:7      | XOM: polymorph wandering mushroom -> oklob plant
 13820 | D:7      | XOM: medium Summ miscast
 14265 | D:7      | Gained mutation: Your system is resistant to poisons. (rPois) [mutagenic meat]
 14268 | D:7      | Gained mutation: You can translocate small distances at will. [mutagenic meat]
 14269 | D:7      | Gained mutation: You passively map a small area around you. [mutagenic meat]
 14325 | D:7      | XOM: 2-stop teleportation journey
 14424 | D:7      | XOM: scenery: create altars
 14456 | D:7      | XOM: polymorph wandering mushroom -> shambling mangrove
 14458 | D:7      | Found a shadowy altar of Dithmenos.
 14816 | D:7      | Reached XP level 10. HP: 52/52 MP: 15/15
 15199 | D:8      | Found a white marble altar of Elyvilon.
 15251 | D:8      | XOM: polymorph shambling mangrove -> thorn hunter
 15373 | D:8      | XOM: stat loss: -1 Dex (12/13)
 15381 | D:8      | got first thorn hunter
 15419 | D:7      | leaving thorn hunter on dlvl 7
 15518 | D:8      | XOM: mild Hex miscast
 15738 | D:8      | XOM: give mutation
 15738 | D:8      | Lost mutation: You are frail. (-10% HP) [Xom's mischief]
 15772 | D:8      | XOM: mild Hex miscast
 15903 | D:9      | Found an ancient bone altar of Kikubaaqudgha.
 15908 | D:9      | XOM: 3-stop teleportation journey
 16161 | D:9      | Reached skill level 5 in Invocations
 16689 | D:9      | XOM: polymorph wandering mushroom -> oklob plant
 16932 | D:9      | XOM: polymorph orc priest -> boggart
 17129 | D:9      | XOM: medium Tmut miscast
 17151 | D:9      | XOM: scenery: 1 doors close
 17232 | D:10     | XOM: noise
 17232 | D:10     | Entered Level 10 of the Dungeon
 17267 | D:10     | Gained mutation: You are dopey. (Int -2) [potion of mutation]
 17267 | D:10     | Gained mutation: You are resistant to hostile enchantments. (MR+) [potion of mutation]
 17561 | D:10     | Noticed an unseen horror
 17587 | D:10     | Killed an unseen horror
 17682 | D:10     | Learned a level 2 spell: Repel Missiles
 17686 | D:10     | Learned a level 3 spell: Mephitic Cloud
 17691 | D:10     | Learned a level 4 spell: Summon Lightning Spire
 17792 | D:10     | Reached skill level 10 in Stealth
 17872 | D:10     | XOM: stat loss: -1 Str (10/11)
 17982 | D:10     | XOM: torment (30/58 hp)
 18052 | D:11     | Noticed a two-headed ogre
 18087 | D:11     | Killed a two-headed ogre
 18087 | D:11     | Reached skill level 1 in Air Magic
 18087 | D:11     | Reached XP level 11. HP: 51/64 MP: 17/17
 18245 | D:11     | Reached ** piety under Fedhas
 18426 | D:11     | Noticed a two-headed ogre
 18455 | D:11     | Killed a two-headed ogre
 18455 | D:11     | Reached skill level 1 in Spellcasting
 18511 | D:11     | Lost mutation: You are dopey. (Int -2) [mutagenic meat]
 18512 | D:11     | Gained mutation: You are robust. (+10% HP) [mutagenic meat]
 18513 | D:11     | Lost mutation: Your body sometimes deteriorates upon taking damage. [mutagenic meat]
 18598 | D:11     | Found a staircase to the Orcish Mines.
 18628 | D:11     | XOM: mild Divn miscast
 18662 | D:11     | Learned a level 3 spell: Regeneration
 18736 | D:11     | Found a staircase to the Lair.
 18842 | D:11     | Noticed Psyche
 18854 | D:11     | Killed Psyche
 18854 | D:11     | Reached skill level 1 in Charms
 19103 | D:11     | XOM: mild Fire miscast
 19132 | D:11     | XOM: polymorph wandering mushroom -> thorn hunter
 19205 | D:11     | second thorn hunter
 19441 | D:11     | XOM: give mutations
 19441 | D:11     | Lost mutation: You expend magic power (3 MP) to strengthen your wands. [Xom's mischief]
 19441 | D:11     | Lost mutation: You are clumsy. (Dex -2) [Xom's mischief]
 19895 | D:12     | Reached skill level 1 in Necromancy
 19944 | D:12     | Noticed a purple ugly thing
 19958 | D:12     | Killed a purple ugly thing
 19958 | D:12     | Reached skill level 1 in Shields
 19972 | D:12     | Lost mutation: Your flesh is heat resistant. (rF+) [mutagenic meat]
 20027 | D:12     | XOM: summons 8 hostile demons
 20351 | D:12     | XOM: mild Tloc miscast
 20472 | D:12     | Noticed a cyclops
 20483 | D:12     | XOM: noise
 20488 | D:12     | Killed a cyclops
 20588 | D:12     | Reached skill level 10 in Slings
 20612 | D:12     | XOM: polymorph wandering mushroom -> thorn hunter
 20612 | D:12     | Was forgiven by Xom
 20613 | D:12     | third thorn hunter!
 20613 | D:12     | nice!
 20994 | D:7      | three thorn hunters : ) lucky me!
 21102 | Lair:1   | Entered Level 1 of the Lair of Beasts
 21340 | D:13     | Noticed a manticore
 21346 | D:13     | Killed a manticore
 21358 | D:13     | Noticed a two-headed ogre
 21408 | D:13     | Killed a two-headed ogre
 21408 | D:13     | Reached XP level 12. HP: 81/81 MP: 18/18
 21506 | D:13     | Found a gate to the Vaults.
 21506 | D:13     | Noticed a vault guard
 21506 | D:13     | Noticed a vault guard
 21506 | D:13     | Noticed a vault guard
 21506 | D:13     | Noticed a vault guard
 21506 | D:13     | Noticed a vault guard
 21507 | D:13     | Noticed a vault guard
 21507 | D:13     | Noticed a vault guard
 21514 | D:13     | Killed a vault guard
 21527 | D:13     | Killed a vault guard
 21531 | D:13     | Killed a vault guard
 21531 | D:13     | Killed a vault guard
 21531 | D:13     | Killed a vault guard
 21532 | D:13     | Killed a vault guard
 21536 | D:13     | i lost one already... stupid vault placement.
 21550 | D:13     | Noticed a vault guard
 21554 | D:13     | Killed a vault guard
 21562 | D:13     | Killed a vault guard
 21574 | D:13     | Noticed a sphinx
 21574 | D:13     | Noticed Kirke
 21575 | D:13     | Killed Kirke
 21729 | D:13     | Noticed Nessos
 21782 | D:13     | Noticed a centaur warrior
 21785 | D:13     | Killed a centaur warrior
 21786 | D:13     | Reached skill level 5 in Fighting
 21833 | D:13     | Noticed a centaur warrior
 21838 | D:13     | Killed a centaur warrior
 21956 | D:13     | Killed Nessos
 21956 | D:13     | Reached skill level 5 in Air Magic
 22367 | Lair:1   | Reached *** piety under Fedhas
 22566 | Lair:1   | Noticed a six-headed hydra
 22588 | Lair:1   | Killed a six-headed hydra
 22588 | Lair:1   | Reached XP level 13. HP: 89/89 MP: 19/19
 23436 | Lair:2   | Noticed Erica
 23442 | Lair:2   | Killed Erica
 23518 | Lair:2   | Reached **** piety under Fedhas
 24718 | Lair:3   | Found a staircase to the Snake Pit.
 24919 | Lair:3   | Got a twisted trident
 24920 | Lair:3   | Identified the +6 trident of Responsibility {elec, rElec rPois rN+ SInv} (You found it on level 3 of the Lair of Beasts)
 25444 | Lair:4   | Reached skill level 1 in Polearms
 25590 | Lair:4   | Found a staircase to the Shoals.
 25653 | Lair:4   | Reached ***** piety under Fedhas
 25907 | Lair:4   | Noticed Nergalle
 25916 | Lair:4   | Killed Nergalle
 26101 | Lair:4   | You fall through a shaft for 2 floors!
 26101 | Lair:6   | Entered Level 6 of the Lair of Beasts
 26473 | Lair:5   | Found a viscous altar of Jiyva.
 26473 | Lair:5   | Found a staircase to the Slime Pits.
 26823 | Lair:5   | Reached skill level 10 in Invocations
 26921 | Lair:6   | Reached XP level 14. HP: 79/101 MP: 21/21
 27110 | Lair:6   | Reached skill level 5 in Necromancy
 27511 | Lair:6   | Reached skill level 5 in Spellcasting
 27814 | Lair:6   | Reached ****** piety under Fedhas
 28106 | Orc:1    | Entered Level 1 of the Orcish Mines
 28112 | Orc:1    | Noticed an orc warlord
 28153 | Orc:1    | Killed an orc warlord
 28516 | Orc:1    | Found a roughly hewn altar of Beogh.
 28643 | Orc:2    | Entered Level 2 of the Orcish Mines
 28649 | Orc:1    | Reached skill level 5 in Polearms
 28767 | Orc:2    | Found a staircase to the Elven Halls.
 28799 | Orc:2    | Found a frozen archway.
 28823 | IceCv    | Entered an ice cave
 29514 | IceCv    | Noticed a frost giant
 29539 | IceCv    | Killed a frost giant
 29539 | IceCv    | Reached XP level 15. HP: 78/111 MP: 13/23
 29541 | IceCv    | Got a slimy silver ring
 29542 | IceCv    | Identified the ring "Etsokhlo" {rC++ MR+ Dex+4} (You took it off a frost giant in an ice cave)
 30052 | Orc:2    | Found Emuddipn's Assorted Antiques.
 30082 | Orc:2    | Found Piakhigirgh's Weapon Shoppe.
 30085 | Orc:2    | Found Wuocyesh's Magic Scroll Shoppe.
 30098 | Orc:2    | Found Vel Sief's Jewellery Emporium.
 30107 | Orc:2    | Bought a potion of mutation for 62 gold pieces
 30107 | Orc:2    | Lost mutation: You are robust. (+10% HP) [potion of mutation]
 30107 | Orc:2    | Gained mutation: You are robust. (+10% HP) [potion of mutation]
 30107 | Orc:2    | Lost mutation: Your system is resistant to poisons. (rPois) [potion of mutation]
 30110 | Orc:2    | Bought a scroll of fear for 52 gold pieces
 30110 | Orc:2    | Bought a scroll of identify for 30 gold pieces
 30110 | Orc:2    | Bought a scroll of identify for 30 gold pieces
 30119 | Orc:2    | Bought the ring "Metapeuc" {*Corrode rElec MR+ Str+4} for 668 gold pieces
 30122 | Orc:2    | Bought a scroll of identify for 50 gold pieces
 30127 | Orc:2    | Bought a +2 fustibalus of flaming for 468 gold pieces
 30610 | Lair:1   | Learned a level 3 spell: Summon Guardian Golem
 30736 | Shoals:1 | Entered Level 1 of the Shoals
 30922 | Shoals:1 | Hit by a javelin of penetration thrown by a merfolk javelineer

Vault maps used:
D:1:      saegor_arrival_simple_e, minmay_misc_feat_roman, dk_noncrumbling_3,
          minmay_misc_feat_columns, minmay_box_of_dots
D:2:      uniq_crazy_yiuf_cottage, uniq_terence
D:5:      lemuel_doored_altar, first_bread
D:6:      lemuel_zombie_altar_yredelemnul, dk_noncrumbling_4, uniq_eustachio
D:7:      lemuel_crystal_altar, grunt_ogre_cave
D:8:      overflow_temple_1_default
D:9:      kennysheep_mini_moat
D:11:     david_lair_generic, orc_0_dummy, uniq_psyche
D:12:     kennysheep_generic_room_9
D:13:     erik_vaults_2, minmay_holes, uniq_kirke, uniq_nessos
Temple:   kb_temple_of_zot
Lair:1:   infiniplex_staircase_pool
Lair:2:   beast_lair_carwin_10, lemuel_fruit_fields, uniq_erica
Lair:3:   statuecave_lemuel, minmay_snake_entry_guardpost_medium
Lair:4:   minmay_shoals_entry_beasts, uniq_nergalle
Lair:5:   dpeg_slime_entry_enclosed_altar, serial_forest,
          infiniplex_forest_straight_2, infiniplex_forest_clump_diagonal,
          infiniplex_forest_zigzag_2, infiniplex_forest_clump_medium,
          infiniplex_forest_end_1, infiniplex_forest_diagonal,
          infiniplex_forest_clump_tiny, infiniplex_forest_lined_corner,
          st_stairs_5
Lair:6:   minmay_lair_end_frog_pond, nicolae_quartered_pool_super, st_stairs_4,
          wad_woods_02
Shoals:1: nicolae_shoals_mertower, uniq_louise
Orc:1:    basic_altar
Orc:2:    st_orc_mages, portal_ice_cave_entry_imps
IceCv:    ice_cave_caverns_02

Skill      XL: |  1  2  3  4  5  6  7  8  9 10 11 12 13 14 |
---------------+-------------------------------------------+-----
Stealth        | 2 4 5 6 7 9 10 11 | 11.3
Slings         | 1 2 4 5 7 8 9 10 | 10.6
Evocations     | 4 5 6 7 8 |  8.0
Dodging        | 3 4 5 6 7 8 |  8.5
Invocations    | 3 6 7 8 10 11 | 11.7
Fighting       | 2 3 5 7 9 |  9.8
Air Magic      | 1 3 5 6 8 |  8.8
Spellcasting   | 2 3 4 5 |  5.8
Charms         | 2 3 |  3.5
Necromancy     | 1 3 4 5 |  5.0
Shields        | 2 4 |  4.3
Polearms       | 3 6 |  6.7
Short Blades   | |  1.0
Summonings     | |  0.4

Action                   |  1- 3 |  4- 6 |  7- 9 | 10-12 | 13-15 || total
-------------------------+-------+-------+-------+-------+-------++-------
Melee: Short sword       |    62 |    25 |     6 |       |       ||    93
       Constrict         |    13 |     7 |    15 |    15 |    67 ||   117
       Tentacles         |    11 |    10 |    17 |    20 |   123 ||   181
       Rapier            |       |       |    33 |       |       ||    33
       Dagger            |       |       |    47 |   101 |       ||   148
       Trident           |       |       |       |       |   584 ||   584
 Fire: Hunting sling     |     4 |    62 |   386 |   906 |   226 ||  1584
 Cast: Regeneration      |       |       |       |       |    13 ||    13
Invok: Fungal Bloom      |       |       |    21 |    70 |   101 ||   192
       Evolution         |       |       |     2 |    11 |    10 ||    23
       Reproduction      |       |       |       |       |     7 ||     7
Evoke: Wand              |     2 |     8 |    11 |    28 |    22 ||    71
       Lightning rod     |       |       |       |       |     4 ||     4
       Lamp of fire      |       |       |       |       |     1 ||     1
  Use: Scroll            |     4 |       |     5 |    11 |    16 ||    36
       Potion            |       |       |     5 |     2 |    10 ||    17
 Stab: Sleeping          |     9 |     1 |     5 |     3 |    14 ||    32
       Confused          |       |       |       |     2 |     6 ||     8
       Distracted        |       |       |       |       |    10 ||    10
  Eat: Chunk             |     2 |     2 |    17 |    10 |     8 ||    39
       Beef jerky        |       |       |     2 |     7 |       ||     9
       Bread ration      |       |       |     4 |       |     1 ||     5
       Meat ration       |       |       |     2 |     1 |     4 ||     7
       Pizza             |       |       |     1 |     1 |     2 ||     4
       Royal jelly       |       |       |     1 |       |       ||     1
Armor: Skin              |     3 |     2 |     3 |    16 |    31 ||    55
Dodge: Dodged            |    48 |    61 |   223 |   300 |   507 ||  1139
Block: Buckler           |       |       |       |    24 |   126 ||   150
